 Dungeon Crawl Stone Soup version 0.16-a0-3855-gd2600ac (console) character file.

103 Monkaria the Chopper (level 4, 0/40 HPs)
             Began as a Hill Orc Fighter on Jan 31, 2015.
             Succumbed to an adder's poison
             ... on level 3 of the Dungeon.
             The game lasted 00:03:16 (1648 turns).

Monkaria the Chopper (Hill Orc Fighter)             Turns: 1648, Time: 00:03:17

Health: 0/40       AC: -6    Str: 24    XL:     4   Next: 79%
Magic:  4/4        EV:  7    Int: 13    God:
Gold:   74         SH:  9    Dex: 10    Spells: 0 memorised, 3 levels left

rFire  . . .     SeeInvis .     a - +0 war axe
rCold  . . .     Clarity  .     b - +0 scale mail
rNeg   . . .     SustAb   .     c - +0 shield
rPois  .         Gourm    .     (no helmet)
rElec  .         Spirit   .     (no cloak)
rCorr  .         Warding  .     (no gloves)
rMut   .         Stasis   .     n - +0 pair of boots (curse)
MR     .....                    (no amulet)
Stlth  ..........               (no ring)
                                l - -2 ring of slaying (curse)

@: mighty, brilliant, lethally poisoned, corroded equipment, not resistant to
hostile enchantments, extremely unstealthy
A: no striking features
a: no special abilities


You were on level 3 of the Dungeon.
You were not hungry.

You visited 1 branch of the dungeon, and saw 3 of its levels.

You collected 74 gold pieces.

Inventory:

Hand weapons
 a - a +0 war axe (weapon)
Armour
 b - a +0 scale mail (worn)
 c - a +0 shield (worn)
 n - a cursed +0 pair of boots (worn)
Jewellery
 l - a cursed -2 ring of slaying (left hand)
Scrolls
 f - a scroll of blinking
 j - a scroll of teleportation
 m - 2 scrolls of amnesia
Comestibles
 d - 3 meat rations
 h - a slice of pizza
 k - a bread ration
 p - a chunk of flesh


   Skills:
 - Level 4.1 Fighting
 * Level 6.0 Axes
 - Level 3.2 Armour
 - Level 3.2 Shields


You had 3 spell levels left.
You didn't know any spells.

Dungeon Overview and Level Annotations

Branches:
Dungeon (3/15)

Altars:
Dithmenos
Nemelex Xobeh
Yredelemnul

Annotations:
D:1 runed door
D:3 Ijyb


Message History

The adder is heavily wounded.
* * * LOW HITPOINT WARNING * * *
You feel sick. You block the adder's attack. You block the adder's attack.
You barely miss the adder.
The adder is heavily wounded.
* * * LOW HITPOINT WARNING * * *
You feel sick. The adder bites you.
* * * LOW HITPOINT WARNING * * *
You miss the adder.
The adder is heavily wounded.
* * * LOW HITPOINT WARNING * * *
You feel sick. You block the adder's attack. You block the adder's attack.
Drink which item? (? for menu, Esc to quit)
You feel very mighty all of a sudden.
* * * LOW HITPOINT WARNING * * *
You feel sick. The adder bites you.
* * * LOW HITPOINT WARNING * * *
You miss the adder.
The adder is heavily wounded.
You die...

#..........# #.....##
...§.......# #####..###
..§§.......# ##....
#.§§§§....### ######.
#§§§......# ##8## #.
#######.####8.(.8...8##.
#s..##.........##.
#S#.#_.........>#.
#@####.........##. #.#
##8...8...8##. #.# #8
##8## #. #.# #### ## #.#
##..# #.. #...#### ##.
#......÷ # #.>.####
##..##..


You could see an adder and a giant cockroach.

Vanquished Creatures
  3 adders
  2 giant mites (D:2)
  A worm (D:2)
  A giant gecko (D:2)
  4 oozes (D:1)
  An orc (D:3)
  4 giant cockroaches
  4 goblins
  3 hobgoblins
  7 bats
  A giant newt (D:1)
  3 jackals (D:1)
  9 kobolds
  12 rats
55 creatures vanquished.

Notes
Turn   | Place    | Note
--------------------------------------------------------------
     0 | D:1      | Monkaria, the Hill Orc Fighter, began the quest for the Orb.
     0 | D:1      | Reached XP level 1. HP: 19/19 MP: 1/1
     1 | D:1      | Found a runed door.
   254 | D:1      | Reached XP level 2. HP: 4/27 MP: 2/2
   930 | D:2      | Reached skill level 4 in Fighting
   930 | D:2      | Reached XP level 3. HP: 28/33 MP: 3/3
  1103 | D:2      | Reached skill level 5 in Axes
  1131 | D:2      | Reached XP level 4. HP: 30/40 MP: 4/4
  1260 | D:2      | Found a basalt altar of Yredelemnul.
  1558 | D:3      | Reached skill level 6 in Axes
  1630 | D:3      | Noticed Ijyb
  1631 | D:3      | Found a shadowy altar of Dithmenos.
  1634 | D:3      | Found a sparkling altar of Nemelex Xobeh.
  1646 | D:3      | HP: 2/40 [poisoned by an adder]
  1648 | D:3      | Succumbed to an adder's poison

Action                   |  1- 3 |  4- 6 || total
-------------------------+-------+-------++-------
Melee: War axe           |    80 |    89 ||   169
  Use: Scroll            |     2 |     4 ||     6
       Potion            |       |     3 ||     3
  Eat: Chunk             |       |     3 ||     3
